 Dungeon Crawl Stone Soup version 0.24.0-123-gd5b16e6ec5 (webtiles) character file.

Game seed: 420734009800731566, levelgen mode: deterministic

7 Descartes the Grasshopper (level 1, 0/9 HPs)
             Began as a Felid Warper on Feb 5, 2020.
             Slain by a jackal (2 damage)
             ... on level 1 of the Dungeon.
             The game lasted 00:00:48 (232 turns).

Descartes the Grasshopper (Felid Warper)             Turns: 232, Time: 00:00:49

Health: 0/9        AC:  1    Str:  7    XL:     1   Next: 83%
Magic:  4/4        EV: 18    Int: 14    God:
Gold:   9          SH:  0    Dex: 15    Spells: 4/4 levels left
                                        Lives:  0   Deaths: 0

rFire    . . .     SeeInvis +     - Unarmed
rCold    . . .     Gourm    .   (shield unavailable)
rNeg     . . .     Faith    .   (armour unavailable)
rPois    .         Spirit   .   (helmet unavailable)
rElec    .         Reflect  .   (cloak unavailable)
rCorr    .         Harm     .   (gloves unavailable)
MR       .....                  (boots unavailable)
Stlth    ++........             (no amulet)
HPRegen  0.03/turn              (no ring)
MPRegen  0.09/turn              (no ring)

@: quick
A: very small, no armour, no weapons or thrown items, stealth, claws 1, fangs 3,
see invisible, carnivore, speed 1, shaggy fur 1, slow metabolism 1, sharp paws
a: no special abilities


You were on level 1 of the Dungeon.
You were full.

You visited 1 branch of the dungeon, and saw 1 of its levels.

You collected 9 gold pieces.

Inventory:

Missiles
 f - 21 stones
Jewellery
 a - an uncursed ring of protection from fire {unknown}
Scrolls
 b - a scroll of blinking
 e - a scroll of random uselessness {unknown}
 g - a scroll of identify {unknown}
Potions
 d - a potion of mutation {unknown}
Comestibles
 c - 3 rations


   Skills:
 - Level 2.0 Fighting
 * Level 3.5 Dodging
 * Level 1.3 Stealth
 + Level 2.1 Unarmed Combat
 - Level 2.0 Spellcasting
   Level 4.4 Translocations


You had 4 spell levels left.
You didn't know any spells.
Your spell library contained the following spells:

 Spells                   Type           Power        Failure   Level  Hunger
 Blink                    Tloc           N/A          6%          2    ###....
 Gell's Gravitas          Tloc           ##........   12%         3    ####...
 Lesser Beckoning         Tloc           ##........   12%         3    ####...
 Teleport Other           Tloc           ##......     12%         3    ####...
 Shroud of Golubria       Chrm/Tloc      #.....       14%         2    ###....
 Passage of Golubria      Tloc           N/A          36%         4    #####..


Dungeon Overview and Level Annotations

Branches:
Dungeon (1/15)

Altars:


Innate Abilities, Weirdness & Mutations

You cannot wear armour.
You are incapable of wielding weapons or throwing items.
Your paws allow you to move quietly. (Stealth)
You have sharp claws.
You have razor-sharp teeth.
You have supernaturally acute eyesight. (SInv)
You are carnivorous and can eat meat at any time.
You cover ground quickly.
You are covered in fur. (AC +1)
You have a slow metabolism.
Your sharp claws are effective at attacking unaware monsters.


Message History

You barely miss the jackal. The jackal barely misses you.
The jackal closely misses you.
You scratch the jackal but do no damage.
You bite the jackal.
The jackal is moderately wounded.
The jackal misses you.
You scratch the jackal. Your bite misses the jackal.
The jackal is severely wounded.
The jackal bites you but does no damage.
You scratch the jackal.
The jackal is moderately wounded.
The jackal barely misses you. The jackal bites you. x2
You scratch the jackal but do no damage.
The jackal is moderately wounded.
The jackal misses you. The jackal bites you.
* * * LOW HITPOINT WARNING * * *
The jackal bites you but does no damage.
The jackal misses you. The jackal bites you.
You die...

.###########.#..#
...........#.#..#
...........#.#..#
...........#.#..#
........).......###
...$.....h......... #.
.........#h....### ...
.........#.h...# ....
.........#..@..######....
.........#.....##........
.........###.............
.........# #.........#...
############.........# .
......).....#
###.........#
############
.........####
...........#####...#..#


You could see 3 jackals.

Vanquished Creatures
  A dart slug (D:1)
  A bat (D:1)
  A hobgoblin (D:1)
  A frilled lizard (D:1)
  A kobold (D:1)
5 creatures vanquished.

Notes
Turn   | Place    | Note
-------+----------+-------------------------------------------
     0 | D:1      | Descartes the Felid Warper began the quest for the Orb.
     0 | D:1      | Reached XP level 1. HP: 9/9 MP: 4/4
   167 | D:1      | Reached skill level 1 in Stealth
   232 | D:1      | Slain by a jackal

Levels and vault maps discovered:
D:1:      dpeg_arrival_circle_labyrinth_c, layout_basic

Skill      XL: |  1 |
---------------+----+-----
Stealth        | 1 |  1.3
Fighting       | |  2.0
Dodging        | |  3.5
Unarmed Combat | |  2.1
Spellcasting   | |  2.0
Translocations | |  4.4

Action                   || total
-------------------------++-------
Melee: Unarmed           ||    19
       Bite              ||     2
 Stab: Sleeping          ||     2
  Eat: Chunk             ||     2
Armor: Skin              ||     4
Dodge: Dodged            ||    17
